 Dungeon Crawl Stone Soup version 0.18.1-50-g88ac8fd (webtiles) character file.

1611 azmarco the Shield-Bearer (level 8, -18/75 HPs)
             Began as a Deep Dwarf Fighter on Oct 2, 2016.
             Was a Priest of Okawaru.
             Engulfed by a cloud of flame (21 damage)
             ... on level 8 of the Dungeon.
             The game lasted 00:35:56 (4919 turns).

azmarco the Shield-Bearer (Deep Dwarf Fighter)      Turns: 4919, Time: 00:35:57

Health: -18/75     AC: 17    Str: 22    XL:     8   Next: 63%
Magic:  7/7        EV: 11    Int:  9    God:    Okawaru [***...]
Gold:   251        SH: 15    Dex: 15    Spells: 0 memorised, 7 levels left

rFire  . . .     SeeInvis .     a - +1 war axe
rCold  . . .     Gourm    .     n - +1 plate armour
rNeg   . . .     Faith    .     o - +0 shield
rPois  .         Spirit   .     i - +0 helmet
rElec  .         Dismiss  .     (no cloak)
rCorr  .         Reflect  +     (no gloves)
SustAt .         Harm     .     (no boots)
MR     +....                    s - +4 amulet of reflection
Stlth  ..........               (no ring)
                                (no ring)

@: agile, non-regenerating, somewhat resistant to hostile enchantments,
extremely unstealthy
A: damage resistance, recharge devices, icy blue scales 1, rugged brown scales
1, clumsy 1, sense surroundings 1, slow regeneration 3
a: Device Recharging, Heroism, Renounce Religion


You were on level 8 of the Dungeon.
You worshipped Okawaru.
Okawaru was most pleased with you.
You were not hungry.

You visited 1 branch of the dungeon, and saw 8 of its levels.

You collected 251 gold pieces.

Inventory:

Hand Weapons
 a - a +1 war axe (weapon)
Armour
 i - a +0 helmet (worn)
 n - a +1 plate armour (worn)
 o - a +0 shield (worn)
Jewellery
 h - an uncursed amulet of magic regeneration
 s - a +4 amulet of reflection (around neck)
Wands
 e - a wand of heal wounds (4/9)
 m - a wand of random effects (9/48)
 y - a wand of slowing (26/48)
Scrolls
 d - 2 scrolls of fear
 j - a scroll of magic mapping
 k - 3 scrolls of remove curse
 r - a scroll of fog
 w - a scroll of recharging
Potions
 l - a potion of cancellation {unknown}
 t - 2 potions of curing
 u - 2 potions of heal wounds
 v - a potion of berserk rage
Books
 c - a book of Spatial Translocations

   Spells                             Type                      Level
   a - Apportation                    Translocation                1
   b - Blink                          Translocation                2
   c - Shroud of Golubria             Charms/Translocation         2
   d - Portal Projectile              Translocation                3
   e - Teleport Other                 Translocation                3
   f - Passage of Golubria            Translocation                4
Comestibles
 f - 3 bread rations
 g - 2 beef jerkies
 p - 5 fruits
 x - a slice of pizza


   Skills:
 + Level 4.9 Fighting
 + Level 5.9 Axes
 + Level 6.5 Armour
 + Level 2.4 Dodging
 + Level 1.1 Stealth
 + Level 7.5 Shields
 + Level 1.1 Evocations


You had 7 spell levels left.
You didn't know any spells.

Dungeon Overview and Level Annotations

Branches:
Dungeon (8/15)
 Temple: D:4-7         Lair: D:8-11

Altars:
Ashenzari
Fedhas
Gozag
Nemelex Xobeh
Okawaru
Qazlal
Ru
Sif Muna


Innate Abilities, Weirdness & Mutations

You are resistant to damage.
You can recharge devices by infusing magical energy.
You passively map a small area around you.
You do not regenerate naturally.
You are partially covered in icy blue scales (AC +1).
You are partially covered in rugged brown scales (AC +1, +3% HP).
You are clumsy. (Dex -2)


Message History

You hit the orc wizard.
The orc wizard is severely wounded.
You closely miss the orc. You block the orc wizard's attack.
You slash the orc wizard!
The orc wizard explodes!
The fiery explosion engulfs the orc.
The orc explodes!
The fiery explosion engulfs the orc.
The orc explodes!
The fiery explosion engulfs you!
The fiery explosion engulfs the worker ant.
The worker ant explodes!
Okawaru accepts your kill. x2
The fiery explosion engulfs you! Okawaru accepts your kill.
The fiery explosion engulfs you!
* * * LOW HITPOINT WARNING * * *
Okawaru accepts your kill.
You are engulfed in roaring flames.
You die...

..#......########...
..+......#..........
..#......#.........
..#+####'#.......#* *
.)..<............#
................5#
.........[.......#
.........<......§#######
**
..#####'#######§@§§§....
..#.......(...#§§§§§....
,,
..+...........#§§§§.....
..#.....#####+#.%.......
..#.....## , #....##+##
..'......# #.o..# , ,
..#......+ ,, #....#,
..######## , #....+,
.........#####


You could see an orc wizard (inner flame) and a crimson imp (inner flame).

Vanquished Creatures
  A hippogriff (D:8)
  2 sky beasts
  An orc warrior (D:8)
  An ice beast (D:6)
  A necrophage (D:8)
  An ogre (D:8)
  3 centaurs
  2 giant frogs
  A gnoll sergeant (D:5)
  A hound (D:4)
  A centaur skeleton (D:3)
  An orc priest (D:3)
  3 orc wizards
  7 worker ants
  4 adders
  4 gnolls (D:5)
  A shadow imp (D:6)
  2 oozes
  3 worms (D:2)
  4 dart slugs
  2 giant geckos
  7 orcs
  4 giant cockroaches
  9 goblins
  3 hobgoblins
  8 jackals (D:3)
  4 quokkas
  2 ball pythons (D:3)
  9 bats
  9 giant newts
  5 kobolds
  7 rats
  A plant (D:1)
114 creatures vanquished.

Notes
Turn   | Place    | Note
--------------------------------------------------------------
     0 | D:1      | azmarco the Deep Dwarf Fighter began the quest for the Orb.
     0 | D:1      | Reached XP level 1. HP: 20/20 MP: 1/1
   176 | D:1      | Reached XP level 2. HP: 24/27 MP: 2/2
   194 | D:1      | Found a shattered altar of Ashenzari.
  1086 | D:2      | Reached XP level 3. HP: 17/34 MP: 3/3
  1090 | D:2      | Found an iron altar of Okawaru.
  1100 | D:2      | Became a worshipper of Warmaster Okawaru
  1206 | D:2      | Gained mutation: You are clumsy. (Dex -2) [potion of mutation]
  1206 | D:2      | Gained mutation: You are partially covered in rugged brown scales (AC +1, +3% HP). [potion of mutation]
  1206 | D:2      | Gained mutation: You are partially covered in icy blue scales (AC +1). [potion of mutation]
  1468 | D:2      | Reached skill level 4 in Shields
  1668 | D:3      | Found a deep blue altar of Sif Muna.
  1779 | D:3      | Reached XP level 4. HP: 40/43 MP: 4/4
  1897 | D:3      | Noticed a centaur
  1911 | D:3      | Killed a centaur
  1911 | D:3      | Reached XP level 5. HP: 47/50 MP: 5/5
  2156 | D:3      | Noticed an orc warrior
  2166 | D:3      | Reached skill level 5 in Shields
  3024 | D:3      | Reached XP level 6. HP: 14/58 MP: 6/6
  3115 | D:4      | Reached * piety under Okawaru
  3291 | D:4      | Found a blossoming altar of Fedhas.
  3502 | D:5      | Entered Level 5 of the Dungeon
  3520 | D:5      | Reached skill level 1 in Dodging
  3829 | D:5      | Reached XP level 7. HP: 65/65 MP: 6/6
  4025 | D:6      | Reached skill level 5 in Armour
  4025 | D:6      | Reached skill level 6 in Shields
  4074 | D:6      | Reached ** piety under Okawaru
  4088 | D:6      | Found a stormy altar of Qazlal.
  4181 | D:6      | Found a sparkling altar of Nemelex Xobeh.
  4181 | D:6      | Found an opulent altar of Gozag.
  4384 | D:6      | Found a sacrificial altar of Ru.
  4532 | D:8      | Reached skill level 5 in Axes
  4532 | D:8      | Reached skill level 1 in Stealth
  4532 | D:8      | Reached XP level 8. HP: 37/75 MP: 7/7
  4645 | D:8      | Reached skill level 7 in Shields
  4645 | D:8      | Reached skill level 1 in Evocations
  4716 | D:8      | Reached *** piety under Okawaru
  4919 | D:8      | HP: 3/75 [orc wizard/exploding inner flame[the player character] (28)]
  4919 | D:8      | Engulfed by a cloud of flame

Skill      XL: |  1  2  3  4  5  6  7  8 |
---------------+-------------------------+-----
Fighting       | 3 4 |  4.9
Shields        | 4 5 6 7 |  7.5
Armour         | 4 5 6 |  6.5
Axes           | 3 4 5 |  5.9
Dodging        | 1 2 |  2.4
Stealth        | 1 |  1.1
Evocations     | 1 |  1.1

Action                   |  1- 3 |  4- 6 |  7- 9 || total
-------------------------+-------+-------+-------++-------
Melee: War axe           |   196 |   191 |   135 ||   522
Invok: Heroism           |       |     1 |       ||     1
 Abil: Device Recharging |       |     1 |       ||     1
Evoke: Wand              |     1 |     8 |     6 ||    15
  Use: Scroll            |     9 |     6 |     2 ||    17
       Potion            |     4 |     7 |     3 ||    14
  Eat: Bread ration      |     1 |       |     1 ||     2
       Beef jerky        |       |     2 |       ||     2
       Fruit             |       |     1 |       ||     1
       Meat ration       |       |     1 |       ||     1
Armor: Scale mail        |    29 |       |       ||    29
       Plate armour      |    75 |   160 |    82 ||   317
Dodge: Dodged            |    49 |    52 |    26 ||   127
Block: Shield            |   117 |   143 |    88 ||   348
       Reflection        |       |       |     1 ||     1
